 Dungeon Crawl Stone Soup version 0.18-a0-1683-gf9322e6 (webtiles) character file.

669 Duffy the Chopper (level 7, -11/52 HPs)
             Began as a Demonspawn Berserker on Apr 3, 2016.
             Was a Priest of Trog.
             Killed from afar by inmateoo's ghost (18 damage)
             ... with a bolt of negative energy
             ... on level 4 of the Dungeon.
             The game lasted 00:03:51 (3391 turns).

Duffy the Chopper (Demonspawn Berserker)            Turns: 3391, Time: 00:03:52

Health: -11/52     AC: 15    Str: 18    XL:     7   Next: 32%
Magic:  0/7        EV:  5    Int:  8    God:    Trog [***...]
Gold:   141        SH:  0    Dex: 14    Spells: 0 memorised, 6 levels left

rFire  + . .     SeeInvis .     a - +0 hand axe
rCold  . . .     Gourm    .     e - +0 plate armour
rNeg   . . .     Faith    +     (no shield)
rPois  .         Spirit   +     m - +0 helmet
rElec  .         Dismiss  .     (no cloak)
rCorr  .         Reflect  .     w - +0 pair of gloves
SustAt .         Harm     .     (no boots)
MR     .....                    t - amulet of faith
Stlth  ..........               (no ring)
                                l - +2 ring of protection

@: confused, heavily drained, not resistant to hostile enchantments, extremely
unstealthy
A: icy blue scales 1, fire resistance 1, magic shield, magic regeneration
a: Berserk, Trog's Hand, Burn Spellbooks, Renounce Religion


You were on level 4 of the Dungeon.
You worshipped Trog.
Trog was most pleased with you.
You were hungry.

You visited 1 branch of the dungeon, and saw 4 of its levels.

You collected 141 gold pieces.


Innate Abilities, Weirdness & Mutations

You are partially covered in icy blue scales (AC +1).
Your flesh is heat resistant.
When hurt, damage is shared between your health and your magic reserves.
You regenerate magic rapidly.


   Skills:
 - Level 3.0(0.4) Fighting
 + Level 7.3(4.5) Axes
 + Level 3.2(0.7) Armour
 - Level 1.7(0.0) Dodging


You had 6 spell levels left.
You didn't know any spells.

Inventory:

Hand Weapons
 a - a +0 hand axe (weapon)
 B - a +0 blowgun
Missiles
 y - 4 tomahawks (quivered)
 C - 18 poisoned needles
Armour
 b - a +0 animal skin
 e - a +0 plate armour (worn)
 m - a +0 helmet (worn)
 w - a +0 pair of gloves (worn)
Jewellery
 l - a +2 ring of protection (left hand)
 t - an amulet of faith (around neck)
Wands
 F - a wand of confusion (23/48)
Scrolls
 f - a scroll of enchant armour {unknown}
 g - a scroll of random uselessness {unknown}
 h - 2 scrolls of magic mapping {unknown}
 i - 2 scrolls of recharging {unknown}
 j - 4 scrolls of remove curse {unknown}
 n - a scroll of immolation {unknown}
 o - 4 scrolls of identify {unknown}
 s - 2 scrolls of teleportation {unknown}
 x - a scroll of enchant weapon {unknown}
 E - a scroll of fog {unknown}
Potions
 d - a potion of flight {unknown}
 k - a potion of berserk rage {unknown}
 q - a potion of invisibility {unknown}
 r - a potion of resistance {unknown}
 u - a potion of curing {unknown}
 H - 2 potions of brilliance {unknown}
Books
 A - a book of Frost
Comestibles
 c - a bread ration
 p - a slice of pizza
 z - a beef jerky
 G - 4 fruits

Dungeon Overview and Level Annotations

Branches:
Dungeon (4/15)             Temple (0/1) D:4

Altars:
Okawaru

Annotations:
D:4 inmateoo's ghost, novice DrAM


Message History

No target in view!
No target in view!
No target in view!
No target in view!
No target in view!
No target in view!
No target in view!
No target in view!
No target in view!
No target in view!
No target in view!
No target in view!
No target in view!
No target in view!
No target in view!
You are feeling hungry.
Inmateoo's ghost (novice Yellow Draconian Arcane Marksman) comes into view.
Inmateoo's ghost is nearby!
Inmateoo's ghost turns its malevolent gaze towards you.
Inmateoo's ghost breathes negative energy at you.
The bolt of negative energy hits you!
You feel drained.
A troll comes into view.
Okay, then.
Inmateoo's ghost breathes negative energy at you.
The bolt of negative energy hits you!
You feel drained.
Inmateoo's ghost breathes negative energy at you.
The bolt of negative energy hits you!
You feel drained.
Drink which item? (? for menu, Esc to quit)
You are confused.
You feel invigorated.
Inmateoo's ghost breathes negative energy at you.
The bolt of negative energy hits you!
You feel drained.
Inmateoo's ghost breathes negative energy at you.
The bolt of negative energy hits you!
You feel drained.
You die...

...............T...>.
$!....###.....#....###.#
..... ###.....#..).....#
.... #.......# ##.#####
... #.).##### #......#
.. #..W# #......# .
#...# #......# ######.#
#....... ..#...@W.#
#....... #.#......#####
#....... #.#..........#
#....... #.#..........#
#....... #...(........#
#....(.. ##...........#
#......# #...[...#####
#......# #.......#
#.....)#
.###########.#####.#
######..


You could see inmateoo's ghost.

Action                   |  1- 3 |  4- 6 |  7- 9 || total
-------------------------+-------+-------+-------++-------
Melee: Hand axe          |   119 |   223 |    46 ||   388
Invok: Berserk           |     1 |     2 |       ||     3
  Use: Potion            |       |     2 |     1 ||     3
  Eat: Chunk             |     2 |     8 |     1 ||    11

Notes
Turn   | Place    | Note
--------------------------------------------------------------
     0 | D:1      | Duffy the Demonspawn Berserker began the quest for the Orb.
     0 | D:1      | Reached XP level 1. HP: 18/18 MP: 1/1
   154 | D:1      | Reached skill level 3 in Axes
   175 | D:1      | Gained mutation: Your flesh is heat resistant. [demonic ancestry]
   175 | D:1      | Reached XP level 2. HP: 23/24 MP: 2/2
   709 | D:1      | Reached ** piety under Trog
   849 | D:2      | Reached XP level 3. HP: 18/29 MP: 3/3
  1033 | D:2      | Noticed Ijyb
  1039 | D:2      | Killed Ijyb
  1039 | D:2      | Reached skill level 4 in Axes
  1081 | D:2      | Found an iron altar of Okawaru.
  1095 | D:2      | Gained mutation: When hurt, damage is shared between your health and your magic reserves. [demonic ancestry]
  1095 | D:2      | Reached XP level 4. HP: 35/35 MP: 4/4
  1129 | D:2      | Noticed Robin
  1134 | D:2      | Noticed Sigmund
  1356 | D:2      | Killed Sigmund
  1356 | D:2      | Reached skill level 6 in Axes
  1356 | D:2      | Reached XP level 5. HP: 41/41 MP: 5/5
  1359 | D:2      | Killed Robin
  1598 | D:2      | Noticed Jessica
  1603 | D:2      | Gained mutation: You are partially covered in icy blue scales (AC +1). [demonic ancestry]
  1603 | D:2      | Reached XP level 6. HP: 47/47 MP: 6/6
  1604 | D:2      | Killed Jessica
  2138 | D:3      | Reached *** piety under Trog
  2924 | D:3      | Reached skill level 2 in Armour
  3130 | D:4      | Reached skill level 7 in Axes
  3130 | D:4      | Reached skill level 3 in Armour
  3130 | D:4      | Gained mutation: You regenerate magic rapidly. [demonic ancestry]
  3130 | D:4      | Reached XP level 7. HP: 52/52 MP: 7/7
  3149 | D:4      | Found a staircase to the Ecumenical Temple.
  3375 | D:4      | Noticed inmateoo's ghost (novice DrAM)
  3378 | D:4      | Noticed a troll
  3391 | D:4      | Killed from afar by inmateoo's ghost

Vault maps used:
D:1:      evilmike_arrival_home_sweet_home, minmay_cupped
D:2:      okawaru_gym_becter, uniq_sigmund, uniq_iyjb, uniq_robin, uniq_jessica
D:4:      grunt_qazlal_clouds, minmay_temple_entry_statues_pillars

Vanquished Creatures
  Sigmund
  An ogre
  A scorpion
  A hound
  2 orc priests
  An iguana Jessica Ijyb
  A worker ant
  A hound skeleton Robin
  9 adders
  An ooze
  An adder skeleton
  2 dart slugs
  2 giant geckos
  7 orcs
  A ball python
  9 bats
  A giant cockroach
  13 goblins
  5 hobgoblins
  2 jackals
  A quokka
  3 giant newts
  11 kobolds
  6 rats
86 creatures vanquished.
